 Dungeon Crawl Stone Soup version 0.31.0-9-g3a7656b989 (webtiles) character file.

Game seed: 13142515955126366008

35 qw the Shooter (level 3, 0/20 HPs)
             Began as a Deep Elf Hunter on Feb 2, 2024.
             Constricted to death by a ball python (1 damage)
             ... on level 2 of the Dungeon.
             The game lasted 00:00:02 (664 turns).

qw the Shooter (Deep Elf Hunter)                     Turns: 664, Time: 00:00:02

Health: 0/20       AC:  3    Str: 10    XL:     3   Next: 16%
Magic:  5/5        EV:  9    Int: 13    God:
Gold:   87         SH:  0    Dex: 18    Spells: 2/2 levels left

rFire   . . .        a - +2 shortbow
rCold   . . .        (shield currently unavailable)
rNeg    . . .        c - +0 leather armour
rPois   .            (no helmet)
rElec   .            (no cloak)
rCorr   .            (no gloves)
SInv    .            (no boots)
Will    .....        (no amulet)
Stlth   ++           (no ring)
HPRegen 0.23/turn    (no ring)
MPRegen 0.09/turn

%: no passive effects
@: constricted
A: no striking features
a: no special abilities


You were on level 2 of the Dungeon.
You visited 1 branch of the dungeon, and saw 2 of its levels.

You collected 87 gold pieces.


   Skills:
 - Level 1.5 Fighting
 + Level 6.7 Ranged Weapons
 - Level 2.4 Dodging
 - Level 1.2 Stealth


You had 2 spell levels left.
You didn't know any spells.
Your spell library was empty.

Inventory:

Hand Weapons
 a - a +2 shortbow (weapon)
Armour
 c - a +0 leather armour (worn)
Scrolls
 b - a scroll of revelation {unknown}

Dungeon Overview and Level Annotations

Branches:
Dungeon (2/15)

Altars:


Message History

You shoot an arrow. The arrow misses the adder.
The adder bites you but does no damage. The adder closely misses you.
You shoot an arrow. The arrow hits the adder.
The adder is moderately wounded.
The adder bites you but does no damage.
You shoot an arrow. The arrow closely misses the adder.
The adder bites you but does no damage. The adder closely misses you.
You shoot an arrow. The arrow hits the adder.
The adder is severely wounded.
The adder completely misses you.
You shoot an arrow. The arrow closely misses the adder.
The adder bites you but does no damage.
You shoot an arrow. The arrow hits the adder.
The adder is almost dead.
The adder bites you but does no damage. The adder bites you.
You are poisoned.
The adder poisons you!
You shoot an arrow. The arrow closely misses the adder.
You feel sick. The adder bites you but does no damage.
A ball python comes into view.
You shoot an arrow. The arrow misses the adder.
You feel sick. The adder closely misses you.
You shoot an arrow. The arrow barely misses the adder.
You feel sick. The adder bites you. The adder closely misses you.
You shoot an arrow. The arrow completely misses the adder.
You feel sick. The ball python bites you. The ball python grabs you.
The ball python constricts you. The adder bites you but does no damage.
The ball python barely misses you. The ball python constricts you.
You shoot an arrow.
The arrow completely misses the ball python.
You feel sick. The adder bites you but does no damage.
The ball python bites you. The ball python constricts you.
The adder bites you but does no damage.
You shoot an arrow.
The arrow closely misses the ball python.
You feel sick.
You are no longer poisoned.
The ball python bites you but does no damage.
The ball python constricts you.
You die...

....# #...# ##$ #### #...#
..... ...##...########
<.#...###### #..............
...........####.............
.....%####.S@S...<..........
.$..#......####.............
...........#.....#..<.......
........?......#.#..........
...#..........#.#........^.
...............#.#..........
....#.>.....................
... #..........#.###########
..............##.#


You could see an adder and a ball python.

Vanquished Creatures
  An adder (D:2)
  2 dart slugs (D:1)
  A ball python (D:2)
  3 endoplasms
  A goblin (D:1)
  2 hobgoblins (D:2)
  2 quokkas (D:1)
  2 bats (D:1)
  A frilled lizard (D:1)
  2 kobolds (D:1)
  4 rats (D:1)
21 creatures vanquished.

Notes
Turn   | Place    | Note
-------+----------+-------------------------------------------
     0 | D:1      | qw the Deep Elf Hunter began the quest for the Orb.
     0 | D:1      | Reached XP level 1. HP: 12/12 MP: 3/3
     0 | D:1      | 0 ||| qw: Version: 0.3-a-155-g5e7d8dd
     0 | D:1      | 0 ||| qw: Game counter: 2877
     0 | D:1      | 0 ||| qw: Melee chars always use a shield: true
     0 | D:1      | 0 ||| qw: God list: Okawaru
     0 | D:1      | 0 ||| qw: Allow faded altars: false
     0 | D:1      | 0 ||| qw: Do Orc after clearing Dungeon:15 true
     0 | D:1      | 0 ||| qw: Do second Lair branch before Depths: true
     0 | D:1      | 0 ||| qw: Lair rune preference: random
     0 | D:1      | 0 ||| qw: Goals: Normal
     0 | D:1      | 0 ||| PLANNING D:1-11
   118 | D:1      | Reached XP level 2. HP: 16/16 MP: 4/4
   153 | D:1      | Reached skill level 6 in Ranged Weapons
   596 | D:1      | 596 ||| READING 2 scrolls labelled OLOGOI XASA.
   596 | D:1      | 596 ||| ENCHANTING +0 shortbow.
   597 | D:1      | 597 ||| READING scroll of enchant weapon.
   597 | D:1      | 597 ||| ENCHANTING +1 shortbow.
   598 | D:1      | 598 ||| READING scroll labelled PIUDEM NUOQY.
   599 | D:1      | 599 ||| DROPPING scroll of butterflies.
   643 | D:2      | 643 ||| RETREEEEATING.
   644 | D:2      | 644 ||| RETREEEEATING.
   645 | D:2      | 645 ||| RETREEEEATING.
   646 | D:2      | 646 ||| RETREEEEATING.
   647 | D:2      | 647 ||| RETREEEEATING.
   648 | D:2      | 648 ||| RETREEEEATING.
   653 | D:2      | Reached XP level 3. HP: 20/20 MP: 5/5
   662 | D:2      | HP: 5/20 [constriction (1)]
   663 | D:2      | HP: 2/20 [ball python (3)]
   664 | D:2      | Constricted to death by a ball python

Levels and vault maps discovered:
D:1:      amcnicky_arrival_gap_in_the_tavern_cellar, layout_loops_ring
D:2:      layout_rooms, uniq_terence

Skill      XL: |  1  2 |
---------------+-------+-----
Ranged Weapons | 6 |  6.7
Fighting       | |  1.5
Dodging        | |  2.4
Stealth        | |  1.2

Action                     || total
---------------------------++-------
   Fire: Shortbow          ||    63
    Use: Scroll            ||     3
 Armour: Leather armour    ||    25
  Dodge: Dodged            ||    11

Table legend:
 A = Non-vault XP
 B = Vault XP
 C = Vault XP percentage of total XP
 D = Non-vault monster count
 E = Vault monster count
 F = Vault count percentage of total count
                 A         B        C        D         E       F
            +---------+---------+-------+---------+---------+-------
      Total |      50 |       0 |   0.0 |      21 |       0 |   0.0
            +---------+---------+-------+---------+---------+-------
        D:1 |      27 |       0 |   0.0 |      15 |       0 |   0.0
        D:2 |      23 |       0 |   0.0 |       6 |       0 |   0.0
            +---------+---------+-------+---------+---------+-------
